 Dungeon Crawl Stone Soup version 0.21-a0-621-gc60411f (webtiles) character file.

4234 imbaray the Martial Artist (level 10, -16/49 HPs)
             Began as a Vine Stalker Monk on Dec 23, 2017.
             Was a Priest of Makhleb.
             Demolished by a two-headed ogre
             ... wielding a +0 giant club
              (17 damage)
             ... on level 9 of the Dungeon on Dec 25, 2017.
             The game lasted 00:21:10 (7692 turns).

imbaray the Martial Artist (Vine Stalker Monk)      Turns: 7692, Time: 00:21:12

Health: -16/49     AC: 10    Str: 15    XL:     10   Next: 30%
Magic:  0/13       EV: 20    Int: 10    God:    Makhleb [***...]
Gold:   527        SH:  0    Dex: 19    Spells: 9/9 levels left

rFire    . . .     SeeInvis .     - Unarmed
rCold    + . .     Gourm    .   (no shield)
rNeg     . . .     Faith    .   t - +2 ring mail {rC+}
rPois    .         Spirit   +   y - +0 helmet
rElec    .         Reflect  .   (no cloak)
rCorr    .         Harm     .   I - +0 pair of gloves
MR       ++...                  (no boots)
Stlth    ++........             (no amulet)
HPRegen  0.56/turn              A - ring of protection from magic
MPRegen  0.13/turn              F - +4 ring of evasion

@: no status effects
A: fangs 3, regeneration 1, magic shield, antimagic bite, no potion heal 3, rot
immunity
a: Minor Destruction, Lesser Servant of Makhleb, Renounce Religion


You were on level 9 of the Dungeon.
You worshipped Makhleb.
Makhleb was most pleased with you.
You were not hungry.

You visited 2 branches of the dungeon, and saw 10 of its levels.

You collected 527 gold pieces.

Inventory:

Armour
 t - a +2 ring mail of cold resistance (worn)
 u - a +2 scale mail of poison resistance
 v - a +0 helmet
 y - a +0 helmet (worn)
 I - a +0 pair of gloves (worn)
 M - a +0 scale mail of fire resistance
Jewellery
 a - an uncursed ring of protection from fire
 d - an uncursed ring of resist corrosion
 A - a ring of protection from magic (left hand)
 F - a +4 ring of evasion (right hand)
Wands
 s - a wand of digging (37)
 E - a wand of enslavement (9)
 H - a wand of iceblast (3)
 K - a wand of paralysis (19)
Scrolls
 c - 7 scrolls of remove curse
 e - 4 scrolls of magic mapping
 g - 4 scrolls of immolation
 h - 2 scrolls of amnesia
 k - 5 scrolls of teleportation
 n - a scroll of random uselessness {unknown}
 q - 7 scrolls of identify {unknown}
 z - 2 scrolls of enchant weapon {unknown}
 B - 3 scrolls of enchant armour {unknown}
 G - a scroll of noise {unknown}
Potions
 f - 2 potions of curing
 i - 2 potions of cancellation {unknown}
 j - 3 potions of might {unknown}
 l - 2 potions of brilliance {unknown}
 o - 2 potions of lignification {unknown}
 p - 2 potions of haste {unknown}
 r - a potion of invisibility {unknown}
 w - a potion of mutation {unknown}
 x - 2 potions of agility {unknown}
 J - a potion of magic {unknown}
 L - a potion of degeneration {unknown}
Books
 C - a book of Misfortune

   Spells                             Type                      Level
   a - Confusing Touch                Hexes                        1
   b - Confuse                        Hexes                        3
   c - Gell's Gravitas                Translocation                3
   d - Petrify                        Transmutation/Earth          4
   e - Metabolic Englaciation         Hexes/Ice                    5
   f - Yara's Violent Unravelling     Hexes/Transmutation          5
 D - a book of Necromancy

   Spells                             Type                      Level
   a - Pain                           Necromancy                   1
   b - Animate Skeleton               Necromancy                   1
   c - Vampiric Draining              Necromancy                   3
   d - Regeneration                   Charms/Necromancy            3
   e - Animate Dead                   Necromancy                   4
   f - Borgnjor's Vile Clutch         Necromancy/Earth             5
Comestibles
 b - 8 rations
 m - 3 chunks of flesh


   Skills:
 + Level 3.9 Fighting
 - Level 5.8 Armour
 + Level 7.5 Dodging
 - Level 2.4 Stealth
 + Level 9.1 Unarmed Combat
 + Level 2.8 Invocations


You had 9 spell levels left.
You didn't know any spells.

Dungeon Overview and Level Annotations

Branches:
Dungeon (9/15)             Temple (1/1) D:6
   Lair: D:8-11         Orc: D:9-12

Altars:
Cheibriados
Elyvilon
Gozag
Hepliaklqana
Kikubaaqudgha
Makhleb
Nemelex Xobeh
Okawaru
Qazlal
Uskayaw
Wu Jian
The Shining One


Innate Abilities, Weirdness & Mutations

You have razor-sharp teeth.
Your natural rate of healing is unusually fast.
When hurt, damage is shared between your health and your magic reserves.
Your bite disrupts and absorbs the magic of your enemies.
Potions cannot restore your health.
You are immune to rotting.


Message History

You drain its power.
You feel invigorated.
The two-headed ogre is moderately wounded.
Your orange demon stings the centaur from afar!
The centaur looks as sick as possible!
Your orange demon poisons the centaur!
The two-headed ogre hits you with a giant club!
* * * LOW HITPOINT WARNING * * *
The two-headed ogre hits you but does no damage.
You hit the two-headed ogre.
The two-headed ogre is heavily wounded.
The centaur unwields an uncursed shortbow.
The centaur misses you.
Your orange demon stings the centaur.
Your orange demon hits the centaur.
The centaur looks weaker.
You punch the two-headed ogre!
The two-headed ogre is severely wounded.
The centaur dies!
Makhleb accepts your kill.
The two-headed ogre hits you with a giant club!
* * * LOW HITPOINT WARNING * * *
The two-headed ogre hits you with a giant spiked club!
You die...

#...####
#......#
#!.....#
#..._..#
#......#
#......#
#.<..#
#.(..#...
#@.4T....#
#O)?.##..#
#....# T#
#(...# .
####...
##.. ...
##


You could see a two-headed ogre, a troll and a friendly orange demon.

Vanquished Creatures
  A two-headed ogre (D:8)
  Eustachio (D:6)
  2 hungry ghosts (D:8)
  2 ice beasts
  A black bear (D:7)
  3 orc warriors
  A sky beast (D:5)
  4 ogres
  A phantom (D:7)
  3 centaurs
  2 bullfrogs
  A scorpion (D:7)
  7 wights
  4 howler monkeys
  A crimson imp (D:5)
  2 quasits (D:8)
  2 bullfrog zombies
  2 hounds
  4 orc priests
  3 jellies
  A gnoll shaman (D:8)
  A bullfrog skeleton (D:6)
  2 iguanas
  7 orc wizards
  Terence (D:3)
  7 worker ants
  A killer bee zombie (D:6)
  2 hound skeletons
  A hound zombie (D:6)
  A worker ant zombie (D:5)
  3 gnolls (D:8)
  8 adders
  A shadow imp (D:6)
  3 oozes
  4 worms
  A dart slug (D:1)
  2 leopard geckos
  33 orcs
  7 giant cockroaches
  8 goblins
  7 hobgoblins
  12 jackals
  A quokka (D:6)
  3 ball pythons
  12 bats
  6 frilled lizards
  A jackal zombie (D:5)
  7 kobolds
  A leopard gecko skeleton (D:6)
  5 rats
196 creatures vanquished.

Vanquished Creatures (collateral kills)
  A centaur (D:9)
1 creature vanquished.

Grand Total: 197 creatures vanquished

Notes
Turn   | Place    | Note
-------+----------+-------------------------------------------
     0 | D:1      | imbaray the Vine Stalker Monk began the quest for the Orb.
     0 | D:1      | Reached XP level 1. HP: 11/11 MP: 2/2
   153 | D:1      | Reached XP level 2. HP: 8/16 MP: 3/3
   525 | D:1      | Reached XP level 3. HP: 16/19 MP: 4/4
  1919 | D:2      | Gained mutation: Your natural rate of healing is unusually fast. [Vine Stalker growth]
  1919 | D:2      | Reached XP level 4. HP: 23/23 MP: 5/5
  1933 | D:2      | Reached skill level 4 in Unarmed Combat
  2659 | D:3      | Reached XP level 5. HP: 27/27 MP: 6/6
  2935 | D:3      | Found a snail-covered altar of Cheibriados.
  3031 | D:3      | Noticed Terence
  3057 | D:3      | Killed Terence
  3454 | D:4      | Reached skill level 1 in Armour
  3457 | D:4      | Noticed an ogre
  3477 | D:4      | Killed an ogre
  3477 | D:4      | Reached skill level 5 in Unarmed Combat
  3477 | D:4      | Reached XP level 6. HP: 30/32 MP: 7/7
  3980 | D:4      | Reached XP level 7. HP: 17/35 MP: 3/8
  4146 | D:5      | Entered Level 5 of the Dungeon
  4412 | D:5      | Reached skill level 6 in Unarmed Combat
  4420 | D:5      | Reached skill level 5 in Dodging
  4525 | D:5      | Gained mutation: You have razor-sharp teeth. [Vine Stalker growth]
  4525 | D:5      | Reached XP level 8. HP: 15/39 MP: 9/9
  5165 | D:6      | Found a staircase to the Ecumenical Temple.
  5231 | Temple   | Entered the Ecumenical Temple
  5243 | Temple   | Became a worshipper of Makhleb the Destroyer
  5243 | Temple   | Reached * piety under Makhleb
  5243 | Temple   | Reached ** piety under Makhleb
  5351 | D:6      | Reached skill level 7 in Unarmed Combat
  5510 | D:6      | Noticed Eustachio
  5553 | D:6      | Killed Eustachio
  5785 | D:6      | Reached XP level 9. HP: 40/43 MP: 8/10
  5962 | D:6      | Reached skill level 5 in Armour
  6109 | D:7      | Found a hide-covered altar of Uskayaw.
  6247 | D:7      | Reached skill level 8 in Unarmed Combat
  6819 | D:8      | Reached *** piety under Makhleb
  6941 | D:8      | Found a hide-covered altar of Uskayaw.
  6965 | D:8      | Noticed a two-headed ogre
  7185 | D:8      | Noticed an eight-headed hydra
  7295 | D:8      | Reached skill level 1 in Invocations
  7307 | D:8      | Reached XP level 10. HP: 41/49 MP: 12/12
  7597 | D:8      | Killed a two-headed ogre
  7597 | D:8      | Reached skill level 9 in Unarmed Combat
  7685 | D:9      | Found an iron altar of Okawaru.
  7685 | D:9      | Noticed a two-headed ogre
  7692 | D:9      | HP: 1/49 [two-headed ogre/giant club (12)]
  7692 | D:9      | Demolished by a two-headed ogre

Vault maps used:
D:1:      kilobyte_arrival_exit_the_forest, minmay_tetromino_o2
D:3:      cheibriados_altar_1, serial_forest, infiniplex_forest_end_1,
          infiniplex_forest_straight_1, infiniplex_forest_3_way,
          infiniplex_forest_end_double, infiniplex_forest_lined_2,
          infiniplex_forest_lined_room_2, infiniplex_forest_lined_3,
          first_ration, hex_tiny, minivault_5, uniq_terence
D:4:      hangedman_decor_lopped
D:6:      temple_pool_b, kennysheep_generic_room_7, uniq_eustachio
D:7:      eat_drink_and_be_merry_uskayaw
D:8:      basic_altar
D:9:      lemuel_zombie_altar_yredelemnul, chequers_temple_overflow_minitemple,
          david_lair_generic, basic_altar, grunt_livestock,
          yredelemnul_altar_generic
Temple:   eino_temple_lava

Skill      XL: |  1  2  3  4  5  6  7  8  9 10 |
---------------+-------------------------------+-----
Dodging        | 3 4 5 6 7 |  7.5
Unarmed Combat | 4 5 6 7 8 9 |  9.1
Armour         | 1 2 3 4 5 |  5.8
Fighting       | 3 |  3.9
Invocations    | 1 2 |  2.8
Stealth        | |  2.4

Action                   |  1- 3 |  4- 6 |  7- 9 | 10-12 || total
-------------------------+-------+-------+-------+-------++-------
Melee: Unarmed           |   114 |   206 |   537 |    43 ||   900
       Bite              |    25 |    63 |   197 |    16 ||   301
       Punch             |     2 |     5 |    28 |     3 ||    38
Invok: Lesser Servant of |       |       |       |     1 ||     1
  Use: Scroll            |       |     2 |     4 |     1 ||     7
 Stab: Sleeping          |     7 |     3 |     6 |     1 ||    17
       Distracted        |       |       |     3 |       ||     3
  Eat: Chunk             |     3 |     7 |     6 |     3 ||    19
       Ration            |       |       |     2 |       ||     2
Armor: Robe              |    20 |    12 |       |       ||    32
       Ring mail         |       |    29 |   179 |    11 ||   219
Dodge: Dodged            |    78 |   112 |   438 |    43 ||   671

Table legend:
 A = Spawn XP
 B = Non-spawn XP
 C = Spawn XP percentage of total XP
 D = Spawn monster count
 E = Non-spawn monster count
 F = Spawn count percentage of total count
 G = Total turns spent on level
                    A         B        C        D         E        F      G
               +---------+---------+-------+---------+---------+-------+---------
         Total |       0 |    6049 |   0.0 |       0 |     197 |   0.0 |  7692
               +---------+---------+-------+---------+---------+-------+---------
           D:1 |       0 |      43 |   0.0 |       0 |      27 |   0.0 |  1211
           D:2 |       0 |      60 |   0.0 |       0 |      19 |   0.0 |  1326
           D:3 |       0 |     158 |   0.0 |       0 |      31 |   0.0 |   844
           D:4 |       0 |     530 |   0.0 |       0 |      17 |   0.0 |   765
           D:5 |       0 |     645 |   0.0 |       0 |      15 |   0.0 |   804
           D:6 |       0 |    1393 |   0.0 |       0 |      31 |   0.0 |  1105
           D:7 |       0 |     877 |   0.0 |       0 |      28 |   0.0 |   797
           D:8 |       0 |    2288 |   0.0 |       0 |      28 |   0.0 |   811
           D:9 |       0 |      55 |   0.0 |       0 |       1 |   0.0 |     7
               +---------+---------+-------+---------+---------+-------+---------
